AoeStats
← ME_DEPRIME_JUGAR_CON_USTEDES

Socotra

506521934Analyzed
3v3 RM · 18d ago on Sep 13, 2026· 41m 41s· 6 players
Game mode
Random Map
Map size
128×128
Population
200
Speed
Normal
Resources
Standard
Victory
Conquest
Starting age
Dark Age
Ending age
Imperial Age
RankedLock teamsTeams togetherTeam positionsShared explorationLock speedFull tech treeHidden civsTurbo modeCheats
Victory
Defeat
1553
+10
🇦🇷 Burmese · Argentina
1472
+14
🇦🇷 Jurchens · Argentina
1472
+13
🇦🇷 Koreans · Argentina
1439
-13
🇦🇷 Muisca · Argentina
1432
-13
🇦🇷 Mongols · Argentina
1384
-11
NdT | Flint
6:24 Loom
9:26 Feudal Age
11:13 Double-Bit Axe
14:12 Fletching
19:11 Padded Archer Armor
22:13 Castle Age
22:49 Bodkin Arrow
22:16 Crossbowman
28:32 Leather Archer Armor
30:31 Horse Collar
36:17 Imperial Age
36:39 Ballistics
38:14 Chemistry
37:47 Bracer
NdT | Cormano14
0:37 Loom
11:06 Feudal Age
12:23 Double-Bit Axe
17:36 Fletching
28:11 Castle Age
27:19 Stone Mining
27:23 Gold Mining
27:57 Stone Mining
28:25 Crossbowman
34:01 Bodkin Arrow
38:49 Horse Collar
39:59 Ballistics
41:30 Wheelbarrow
TGT | Enroque
1:57 Loom
9:15 Feudal Age
9:49 Double-Bit Axe
14:01 Horse Collar
18:36 Forging
19:13 Bloodlines
20:12 Town Watch
21:33 Wheelbarrow
21:43 Scale Barding Armor
25:42 Castle Age
25:47 Light Cavalry
26:51 Chain Barding Armor
28:39 Husbandry
34:49 Iron Casting
34:44 Heavy Plow
41:11 Gold Mining
ds_manu2
2:47 Loom
10:38 Feudal Age
11:09 Double-Bit Axe
17:43 Fletching
24:19 Castle Age
24:24 Crossbowman
27:38 Bodkin Arrow
27:44 Padded Archer Armor
28:35 Wheelbarrow
28:24 Bow Saw
34:30 Wheelbarrow
36:06 Ballistics
36:31 Hand Cart
41:39 Imperial Age
39:49 Horse Collar
41:34 Leather Archer Armor
JLoops
6:13 Loom
8:54 Feudal Age
9:31 Horse Collar
17:17 Scale Barding Armor
18:41 Bloodlines
19:51 Forging
21:10 Wheelbarrow
24:14 Castle Age
23:48 Gold Mining
24:44 Fletching
26:05 Chain Barding Armor
26:50 Husbandry
28:08 Town Watch
28:37 Herbal Medicine
32:50 Redemption
34:43 Town Watch
37:56 Imperial Age
36:24 Hand Cart
37:47 Caravan
39:56 Plate Barding Armor
39:43 Conscription
40:40 Howdah
ME_DEPRIME_JUGAR_CON_USTEDES
6:03 Loom
9:29 Feudal Age
10:46 Double-Bit Axe
11:20 Fletching
14:58 Padded Archer Armor
21:09 Castle Age
21:28 Gold Mining
21:26 Elite Skirmisher
21:32 Crossbowman
22:23 Bodkin Arrow
30:46 Wheelbarrow
38:45 Imperial Age
38:16 Bow Saw
39:22 Leather Archer Armor
39:46 Ballistics
39:30 Bracer
40:00 Conscription
41:14 Chemistry
42:25 Ring Archer Armor
Connection lost

Rejoining the realm…

Still unreachable

The connection could not be restored.

Session expired

The server has moved on; the page needs a fresh start.